 Dungeon Crawl Stone Soup version 0.31-a0-237-g2d982f9f85 (webtiles) character file.

Game seed: 535959421106481496

51 qw the Shooter (level 3, 0/21 HPs)
             Began as a Gargoyle Hexslinger on July 11, 2023.
             Slain by an orc
             ... wielding a +0 club
              (3 damage)
             ... on level 3 of the Dungeon.
             The game lasted 00:00:32 (1366 turns).

qw the Shooter (Gargoyle Hexslinger)                Turns: 1366, Time: 00:00:32

Health: 0/21       AC:  8    Str: 11    XL:     3   Next: 81%
Magic:  4/4        EV: 10    Int: 13    God:
Gold:   111        SH:  0    Dex: 14    Spells: 3/4 levels left

rFire   + . .        Y - +1 sling
rCold   . . .        (no shield)
rNeg    + . .        d - +0 ring mail
rPois   inf          (no helmet)
rElec   +            (no cloak)
rCorr   .            (no gloves)
SInv    .            (no boots)
Will    .....        (no amulet)
Stlth   +            e - ring of protection from fire
HPRegen 0.23/turn    (no ring)
MPRegen 0.09/turn

%: no passive effects
@: about to teleport
A: sickness immunity, AC +3, negative energy resistance 1, electricity
resistance, torment resistance 1, petrification resistance
a: no special abilities


You were on level 3 of the Dungeon.
You visited 1 branch of the dungeon, and saw 3 of its levels.

You collected 111 gold pieces.


Innate Abilities, Weirdness & Mutations

You are immune to sickness and miasma.
Your stone body is resilient. (AC +3)
You are immune to poison.
You resist negative energy. (rN+)
You are resistant to electric shocks. (rElec)
You are resistant to unholy torment.
You are immune to petrification.


   Skills:
 - Level 2.0 Fighting
 + Level 3.6 Ranged Weapons
 - Level 1.5 Dodging
 - Level 1.0 Spellcasting
 - Level 2.6 Hexes


You had 3 spell levels left.
You knew the following spells:

 Your Spells              Type           Power      Damage    Failure   Level
a - Slow                  Hex            28%        N/A       22%         1

Your spell library contained the following spells:

 Spells                   Type           Power      Damage    Failure   Level
 Inner Flame              Hex/Fire       4%         N/A       75%         3
 Portal Projectile        Hex/Tloc       8%         N/A       75%         3
 Cause Fear               Hex            3%         N/A       92%         4

Inventory:

Hand Weapons
 Y - a +1 sling (weapon)
Armour
 d - a +0 ring mail (worn)
Jewellery
 e - a ring of protection from fire (left hand)
Scrolls
 b - a scroll of enchant weapon {unknown}
 g - a scroll of identify

Dungeon Overview and Level Annotations

Branches:
Dungeon (3/15)

Altars:


Message History

The orc wizard hits you but does no damage.
The orc closely misses you.
The orc throws a stone.
The stone hits you but does no damage.
You shoot a sling bullet.
The sling bullet closely misses the orc wizard.
The orc wizard casts a spell at you.
You are confused.
The orc misses you. The orc wizard casts a spell at you.
You resist with significant effort.
The orc throws a stone.
The stone hits you but does no damage. The orc hits you but does no damage.
The orc wizard casts a spell at you. The magic dart hits you.
The orc wizard gestures at you while chanting.
The puff of flame hits you but does no damage.
You resist. The orc hits you with a +0 club.
The orc wizard hits you but does no damage.
The orc wizard hits you with a +0 dagger.
The orc hits you with a +0 club.
The orc wizard hits you but does no damage.
The orc hits you but does no damage.
The orc wizard hits you with a +0 dagger.
You feel less confused. The orc wizard misses you.
The orc wizard gestures wildly while chanting.
The orc wizard flickers and vanishes!
Deactivating autopickup; reactivate with Ctrl-A.
The orc barely misses you.
You shoot a sling bullet. The sling bullet hits the orc wizard.
The orc wizard is moderately wounded.
The orc wizard closely misses you. Something hits you but does no damage.
The orc hits you with a +0 short sword. The orc hits you with a +0 club.
1366 ||| READING scroll of teleportation.
As you read the scroll of teleportation, it crumbles to dust.
You feel strangely unstable.
The orc wizard hits you but does no damage.
Something hits you but does no damage. The orc closely misses you.
The orc hits you with a +0 club.
You die...

.....####.#.###......
...# #..#.##........##
...# ##.##............#
...# #..###...........#
#### #.## #...........#
#######.####...........#
...........#...........#
######.#...#.....o....##
. #.#...##...@{.....# #.
#<##.###).ooo.....# .#
#.# .# #..........# #
..# .# #..........# .##
.. #..........# . .
##........## ..
##.......# ##.#.##....#
#.#.###.#.#


You could see an orc wizard and 3 orcs.

Vanquished Creatures
  An adder (D:3)
  2 dart slugs
  An endoplasm (D:1)
  A giant cockroach (D:1)
  5 goblins
  2 hobgoblins
  2 jackals (D:2)
  3 kobolds (D:1)
  3 quokkas
  4 ball pythons
  4 bats
  3 frilled lizards
  4 rats
35 creatures vanquished.

Notes
Turn   | Place    | Note
-------+----------+-------------------------------------------
     0 | D:1      | qw the Gargoyle Hexslinger began the quest for the Orb.
     0 | D:1      | Reached XP level 1. HP: 12/12 MP: 2/2
     0 | D:1      | 0 ||| qw: Version: 0.3-a-52-g30416fa
     0 | D:1      | 0 ||| qw: Game counter: 5516
     0 | D:1      | 0 ||| qw: Melee chars always use a shield: true
     0 | D:1      | 0 ||| qw: God list: Okawaru
     0 | D:1      | 0 ||| qw: Allow faded altars: false
     0 | D:1      | 0 ||| qw: Do Orc after clearing Dungeon:15 true
     0 | D:1      | 0 ||| qw: Do second Lair branch before Depths: true
     0 | D:1      | 0 ||| qw: Lair rune preference: random
     0 | D:1      | 0 ||| qw: Goals: Normal
     0 | D:1      | 0 ||| PLANNING D:1-11
   145 | D:1      | Reached XP level 2. HP: 16/16 MP: 3/3
   178 | D:1      | Reached skill level 3 in Ranged Weapons
   764 | D:1      | 764 ||| UPGRADING to +0 ring mail.
   774 | D:1      | 774 ||| DROPPING +0 robe.
   775 | D:1      | 775 ||| UPGRADING to ring of protection from fire.
   776 | D:1      | 776 ||| READING scroll labelled XILEMA UCUUNY.
   777 | D:1      | 777 ||| READING 3 scrolls labelled AHEASH SEUFOMMASH.
   778 | D:1      | 778 ||| READING scroll labelled GUOREWKOSAQ.
   779 | D:1      | 779 ||| DRINKING 3 ruby potions.
   780 | D:1      | 780 ||| READING 2 scrolls of identify.
   780 | D:1      | 780 ||| IDENTIFYING smoky emerald potion
   781 | D:1      | 781 ||| DROPPING scroll of poison.
   782 | D:1      | 782 ||| DROPPING potion of brilliance.
   818 | D:2      | Reached XP level 3. HP: 21/21 MP: 4/4
  1232 | D:2      | 1232 ||| READING 2 scrolls labelled RUISHE VIUSO.
  1236 | D:2      | 1236 ||| DRINKING 2 grey potions.
  1237 | D:2      | 1237 ||| DROPPING potion of attraction.
  1345 | D:3      | 1345 ||| FLEEEEING.
  1350 | D:3      | 1350 ||| FLEEEEING.
  1351 | D:3      | 1351 ||| DRINKING 2 potions of curing.
  1351 | D:3      | 1351 ||| (to cure confusion)
  1358 | D:3      | 1358 ||| DRINKING potion of curing.
  1358 | D:3      | 1358 ||| (to cure confusion)
  1365 | D:3      | HP: 5/21 [orc/+0 short sword (4)]
  1366 | D:3      | 1366 ||| READING scroll of teleportation.
  1366 | D:3      | Slain by an orc

Levels and vault maps discovered:
D:1:      minmay_arrival_nine_rooms, layout_basic
D:2:      layout_rooms, minmay_octomino_j4
D:3:      layout_rooms

Skill      XL: |  1  2 |
---------------+-------+-----
Ranged Weapons | 3 |  3.6
Fighting       | 2 |  2.0
Dodging        | |  1.5
Spellcasting   | |  1.0
Hexes          | |  2.6

Action                     || total
---------------------------++-------
   Fire: Sling             ||   110
    Use: Scroll            ||     6
         Potion            ||     4
 Armour: Robe              ||     7
         Ring mail         ||    25
  Dodge: Dodged            ||    36

Table legend:
 A = Non-vault XP
 B = Vault XP
 C = Vault XP percentage of total XP
 D = Non-vault monster count
 E = Vault monster count
 F = Vault count percentage of total count
                 A         B        C        D         E       F
            +---------+---------+-------+---------+---------+-------
      Total |      69 |       4 |   5.5 |      34 |       1 |   2.9
            +---------+---------+-------+---------+---------+-------
        D:1 |      33 |       0 |   0.0 |      20 |       0 |   0.0
        D:2 |      21 |       4 |  16.0 |      12 |       1 |   7.7
        D:3 |      15 |       0 |   0.0 |       2 |       0 |   0.0
            +---------+---------+-------+---------+---------+-------
